 Dungeon Crawl Stone Soup version 0.18.1-8-gdd0e5ea (webtiles) character file.

115 matakusis the Magician (level 4, -5/24 HPs)
             Began as a Deep Elf Wizard on June 10, 2016.
             Shot with an arrow by a centaur (8 damage)
             ... on level 3 of the Dungeon.
             The game lasted 00:16:25 (2665 turns).

matakusis the Magician (Deep Elf Wizard)            Turns: 2665, Time: 00:16:26

Health: -5/24      AC:  3    Str:  4    XL:     4   Next: 68%
Magic:  10/14      EV: 13    Int: 24    God:
Gold:   174        SH:  0    Dex: 13    Spells: 5 memorised, 4 levels left

rFire  . . .     SeeInvis +     (no weapon)
rCold  . . .     Gourm    .     a - +0 robe
rNeg   . . .     Faith    .     (no shield)
rPois  .         Spirit   .     b - +0 hat
rElec  .         Dismiss  .     (no cloak)
rCorr  .         Reflect  .     h - +0 pair of gloves
SustAt .         Harm     .     (no boots)
MR     .....                    o - amulet of magic regeneration
Stlth  ++........               (no ring)
                                k - ring of see invisible

@: not resistant to hostile enchantments, unstealthy
A: no striking features
a: no special abilities


You were on level 3 of the Dungeon.
You were not hungry.

You visited 1 branch of the dungeon, and saw 3 of its levels.

You collected 174 gold pieces.

Inventory:

Armour
 a - a +0 robe (worn)
 b - a +0 hat (worn)
 h - a +0 pair of gloves (worn)
Jewellery
 k - a ring of see invisible (left hand)
 o - an amulet of magic regeneration (around neck)
Scrolls
 j - a scroll of enchant armour {unknown}
 n - 4 scrolls of identify
Potions
 g - a potion of heal wounds
 i - a potion of berserk rage {unknown}
Books
 c - a book of Minor Magic

   Spells                             Type                      Level
   a - Magic Dart                     Conjuration                  1
   b - Blink                          Translocation                2
   c - Call Imp                       Summoning                    2
   d - Repel Missiles                 Charms/Air                   2
   e - Slow                           Hexes                        2
   f - Conjure Flame                  Conjuration/Fire             3
   g - Mephitic Cloud                 Conjuration/Poison/Air       3
 e - a book of Dreams

   Spells                             Type                      Level
   a - Ensorcelled Hibernation        Hexes/Ice                    2
   b - Silence                        Hexes/Air                    5
   c - Darkness                       Hexes                        6
   d - Shadow Creatures               Summoning                    6
Comestibles
 d - 2 bread rations
 f - a chunk of flesh
 m - 2 meat rations
 s - a beef jerky
 t - 3 fruits


   Skills:
 + Level 3.0 Dodging
 - Level 2.4 Stealth
 + Level 6.3 Spellcasting
 + Level 1.4 Conjurations
 * Level 2.5 Summonings
 - Level 1.1 Translocations


You had 4 spell levels left.
You knew the following spells:

 Your Spells              Type           Power        Failure   Level  Hunger
a - Magic Dart            Conj           ##..         4%          1    None
b - Call Imp              Summ           ###.....     4%          2    None
c - Blink                 Tloc           N/A          10%         2    None
d - Conjure Flame         Conj/Fire      ##......     21%         3    None
e - Mephitic Cloud        Conj/Pois/Air  #.......     21%         3    None


Dungeon Overview and Level Annotations

Branches:
Dungeon (3/15)

Altars:
Cheibriados
Pakellas

Shops:
D:3 }


Message History

The centaur shoots an arrow.
The arrow hits you!
* * * LOW HITPOINT WARNING * * *
The centaur shoots an arrow.
The arrow barely misses you.
Your crimson imp blinks!
Casting: Call Imp
Confirm with . or Enter, or press ? or * to list all spells.
A beastly little devil appears in a puff of flame.
Your crimson imp says, "I yield to your servitude, my magnificent and awesome gentleelf!"
Something hits your crimson imp.
The centaur wields an uncursed shortbow.
The centaur shoots an arrow.
The arrow barely misses your crimson imp.
The arrow hits you.
* * * LOW HITPOINT WARNING * * *
Your crimson imp hits the centaur.
You see here an arrow.
You swap places.
The centaur shoots an arrow.
The arrow closely misses your crimson imp. x2
The arrow hits you!
You die...

............#
............#
............#
..).........#
.........####
.........c..##
.............#
.............#######
.>.......#...#.5@..#
.........#.###5###.#
...........c(c.# #.#
.......###.#######.#
..##.#...#.........#
.....###.###########
...###...##......#
...###.####.####[#
..#......##.# #.#


You could see a centaur and 2 friendly crimson imps.

Vanquished Creatures
  An adder (D:2)
  2 dart slugs
  A giant gecko (D:1)
  3 giant cockroaches
  2 goblins
  4 hobgoblins
  A jackal (D:3)
  4 bats
  2 giant newts
  3 kobolds
  10 rats
33 creatures vanquished.

Vanquished Creatures (collateral kills)
  Ijyb (D:3)
  5 adders
  4 oozes
  A worm (D:2)
  A dart slug (D:1)
  2 giant geckos (D:2)
  2 orcs (D:3)
  A ball python (D:2)
  3 goblins
  6 hobgoblins
  4 jackals
  3 kobolds
  2 quokkas (D:3)
  A bat (D:2)
  A rat (D:2)
37 creatures vanquished.

Grand Total: 70 creatures vanquished

Notes
Turn   | Place    | Note
--------------------------------------------------------------
     0 | D:1      | matakusis the Deep Elf Wizard began the quest for the Orb.
     0 | D:1      | Reached XP level 1. HP: 10/10 MP: 7/7
   297 | D:1      | Reached skill level 5 in Spellcasting
   297 | D:1      | Reached XP level 2. HP: 15/15 MP: 2/10
   301 | D:1      | Learned a level 2 spell: Call Imp
   422 | D:1      | Learned a level 2 spell: Blink
   962 | D:1      | Reached XP level 3. HP: 19/19 MP: 8/12
  1665 | D:2      | Learned a level 3 spell: Conjure Flame
  1669 | D:2      | Learned a level 3 spell: Mephitic Cloud
  1816 | D:2      | Reached XP level 4. HP: 24/24 MP: 9/13
  1897 | D:2      | Reached skill level 6 in Spellcasting
  2279 | D:3      | HP: 1/24 [adder (4)]
  2346 | D:3      | Noticed Ijyb
  2355 | D:3      | Killed Ijyb
  2508 | D:3      | Found a snail-covered altar of Cheibriados.
  2541 | D:3      | Found an oddly glowing altar of Pakellas.
  2541 | D:3      | Found Pakellas's Prime Provisions.
  2652 | D:3      | Noticed a centaur
  2665 | D:3      | Shot with an arrow by a centaur

Skill      XL: |  1  2  3  4 |
---------------+-------------+-----
Spellcasting   | 5 6 |  6.3
Summonings     | 2 |  2.5
Dodging        | 3 |  3.0
Stealth        | |  2.4
Conjurations   | |  1.4
Translocations | |  1.1

Action                   |  1- 3 |  4- 6 || total
-------------------------+-------+-------++-------
Melee: Unarmed           |     5 |     1 ||     6
 Cast: Magic Dart        |    66 |    13 ||    79
       Call Imp          |    27 |    20 ||    47
       Blink             |     2 |     2 ||     4
       Conjure Flame     |       |     1 ||     1
  Use: Scroll            |       |     8 ||     8
       Potion            |       |     1 ||     1
  Eat: Chunk             |     3 |     2 ||     5
Armor: Robe              |     7 |     5 ||    12
Dodge: Dodged            |    22 |    11 ||    33
